Map: Deathaura LE

Players

Leo (LeoRusher) - Winner!

  • Race: Protoss Protoss
  • League: Grandmaster
  • Spawn Location: 11:00

MeomaikaFan (Peppy)

  • Race: Zerg Zerg
  • League: Grandmaster
  • Spawn Location: 5:00

Event: DreamHack SC2 Masters 2020 Winter

VOD

Have the link to the VOD?

Description

Time

  • Played on: Oct. 10, 2020, 12:40 a.m.
  • Length: 6:56

All games in this series

Show
View Real Time Build Order
Export as new Build Order

Leo Protoss - Winner!

Build Orders: 1 Gate Expand, Mass Adepts 

Get SALT Encoding   

  12  0:01  Probe  
  13  0:14  Probe  
  14  0:19  Pylon  
  14  0:26  Probe (Chrono Boost)  
  15  0:38  Gateway, Probe (Chrono Boost)  
  16  0:46  Probe (Chrono Boost)  
  16  0:47  Assimilator  
  17  0:52  Probe  
  18  1:04  Probe  
  19  1:16  Probe  
  20  1:23  Nexus  
  20  1:32  Cybernetics Core  
  20  1:36  Probe  
  21  1:43  Assimilator  
  21  1:48  Probe  
  21  1:52  Pylon  
  22  2:00  Probe  
  23  2:07  Stalker (Chrono Boost)  
  23  2:08  Probe  
  23  2:10  Warp Gate  
  26  2:16  Probe  
  27  2:27  Twilight Council  
  27  2:28  Probe (Chrono Boost)  
  27  2:29  Adept  
  28  2:35  Probe (Chrono Boost)  
  33  2:44  Probe (Chrono Boost)  
  33  2:45  Probe (Chrono Boost)  
  33  2:51  Probe  
  34  2:53  Robotics Facility  
  34  2:58  Probe  
  35  3:00  Gateway  
  35  3:04  Adept  
  37  3:10  Resonating Glaives (Chrono Boost), Probe  
  38  3:23  Gateway  
  38  3:27  Gateway  
  38  3:37  Warp Prism (Chrono Boost)  
  40  3:47  Gateway  
  40  3:48  Gateway  
  40  3:52  Pylon  
  40  3:57  Probe  
  40  3:58  Adept x2  
  45  4:03  Pylon  
  45  4:10  Probe  
  46  4:21  Pylon  
  46  4:25  Adept x4  
  54  4:39  Adept  
  54  4:43  Adept x2  
  54  4:45  Adept x3  
  66  4:48  Pylon  
  66  5:05  Adept x3  
  66  5:06  Adept x2  
  62  5:25  Adept x3  
  62  5:26  Zealot  
  62  5:27  Zealot x2  
  68  5:45  Probe  
  61  5:50  Adept x4  
  61  5:51  Zealot  
  61  5:55  Adept  
  65  6:13  Adept x3  
  63  6:27  Adept  
  63  6:28  Adept  
  63  6:29  Zealot  
  63  6:30  Probe x2  
  71  6:44  Adept  
  71  6:45  Adept x2  
Show
View Real Time Build Order
Export as new Build Order

MeomaikaFan Zerg 

Build Orders: Hatch First 

Get SALT Encoding   

  12  0:00  Drone  
  13  0:12  Overlord  
  13  0:16  Drone  
  14  0:31  Drone x2  
  16  0:47  Hatchery  
  15  0:50  Drone  
  15  0:53  Drone  
  17  0:57  Drone  
  18  1:08  Extractor  
  17  1:12  Spawning Pool  
  17  1:16  Drone  
  17  1:18  Drone  
  18  1:29  Drone  
  19  1:38  Drone  
  20  1:49  Overlord  
  20  1:59  Queen x2  
  20  2:00  Zergling x4  
  26  2:08  Metabolic Boost  
  26  2:10  Drone  
  26  2:14  Drone  
  28  2:25  Drone x2  
  30  2:32  Drone x2  
  32  2:42  Hatchery  
  32  2:43  Drone  
  32  2:44  Overlord  
  32  2:53  Drone x2  
  34  3:05  Drone x2  
  36  3:08  Drone x3  
  39  3:21  Overlord  
  39  3:26  Drone x2  
  41  3:29  Drone  
  42  3:37  Queen  
  42  3:39  Overlord  
  42  3:41  Drone x6  
  47  3:46  Zergling x2  
  51  3:51  Zergling x2  
  52  3:56  Queen, Roach Warren  
  52  4:00  Zergling x4  
  55  4:05  Zergling x2  
  55  4:06  Zergling x4  
  55  4:09  Overlord  
  58  4:10  Zergling x2  
  58  4:11  Zergling x8  
  58  4:12  Spore Crawler  
  58  4:13  Spore Crawler  
  58  4:14  Spore Crawler  
  60  4:18  Zergling x6  
  63  4:29  Zergling x6  
  65  4:33  Spine Crawler  
  64  4:39  Roach x3  
  64  4:44  Overlord x2  
  70  4:50  Roach x2  
  73  5:06  Roach x4  
  73  5:07  Roach x3  
  79  5:11  Roach x2  
  79  5:12  Zergling x2  
  70  5:20  Roach, Zergling x8  
  72  5:23  Zergling x2  
  67  5:28  Roach, Zergling x2  
  61  5:40  Roach, Zergling x4  
  56  5:43  Queen x3  
  56  5:44  Roach  
  62  5:50  Zergling x4  
  62  5:53  Zergling x6  
  64  6:03  Roach, Zergling x4  
  67  6:10  Zergling x6  
  62  6:17  Roach  
  61  6:20  Zergling x4  
  61  6:22  Roach, Zergling x4  
  57  6:32  Roach, Zergling x2  
  58  6:36  Zergling x2  
Tags
 
Add a new tag
Caveats
  • Supply blocks, unpowered buildings, or Contaminate may cause inaccurate times.
  • Supply counts are checked every 10 seconds.